Myra, chaotic female sylph Wizard --- ----.. --- ---.|...- -------- ---- ..| --........--. |...-------..--..| - --............--................| |.......................>...----------.....- --- | ---......G..--- |......| --.....hG.| |......| -....G@.-- --....-- |....uh.G.| --...| ............- ----- |............. |.............. -...........(--- ....h.......G- .......--...... .....-.-- |....... ...... . |..|.--- -....--- ------ ----- Myra the Thaumaturge Experience level: 6 Strength: 8 Dexterity: 10 Constitution: 10 Intelligence: 19 Wisdom: 18 Charisma: 9 Health: 0(55) Energy: 76(86) Def: 14 Gold: 431 Moves: 3029 Dungeon seed: v5ZI1E4jjvGMK5g6 Game ID: Myra_1564108918 Your Inventory: Coins $ - 431 gold pieces Weapons a - a blessed +1 quarterstaff (weapon in hands) Armor e - a cursed -1 cloak of magic resistance (being worn) n - a blessed +3 silver dragon scale mail (being worn) q - a blessed rustproof +0 helm of brilliance (being worn) r - a blessed fireproof +0 pair of speed boots (being worn) y - an uncursed +0 cloak of invisibility z - an uncursed +0 cloak of magic resistance Q - an uncursed +0 pair of kicking boots Comestibles m - 2 uncursed food rations u - 2 uncursed sprigs of wolfsbane E - 2 uncursed melons Scrolls K - an uncursed scroll of teleportation Spellbooks b - a blessed spellbook of force bolt c - an uncursed spellbook of wizard lock w - an uncursed spellbook of protection I - an uncursed spellbook of sleep Wands h - an uncursed wand of wishing (2:0) J - an uncursed wand of slow monster (0:3) O - an uncursed wand of striking (0:3) V - an uncursed wand of digging (0:3) Tools k - an uncursed lock pick P - an uncursed can of grease (0:22) W - an uncursed +0 unicorn horn Gems G - an uncursed worthless piece of white glass N - an uncursed worthless piece of blue glass R - an uncursed touchstone U - an uncursed obsidian Y - an uncursed worthless piece of black glass Spells and supernatural/magical abilities: Name Level Category Fail Memory a - force bolt 1 attack 0% 85% p - protection 1 clerical 0% 92% w - wizard lock 2 matter 12% 85% z - sleep 2 enchantment 0% 98% W - pray for help -- divine ? -- Your skills at the end: Miscellaneous Skills wands [Basic] stealth [Expert] Weapon Skills quarterstaff [Basic] Spellcasting Skills attack spells [Basic] enchantment spells [Basic] Final Attributes: You were piously aligned. You were magic-protected. You saw invisible. You had infravision. You were very stealthy. You were protected from shape changers. You were very fast. You had reflection. You are dead (5th time!). Vanquished creatures: a water elemental a large dog a large cat a gnome king a gray unicorn an ape 4 gnome lords 2 giant ants a kitten 6 dwarves an iguana a giant bat a monkey a coyote 2 hobbits an acid blob a hobgoblin 2 brown molds 15 gnomes 9 manes a gnome zombie 8 jackals a kobold 6 newts a goblin a sewer rat 2 grid bugs a bat 7 lichens a kobold zombie 82 creatures vanquished. Voluntary challenges: You had followed a strict vegetarian diet until turn 2736. You did not adorn yourself with jewelry or accessories. You did not cause conflict. You were not invisible. You were not displaced. You were an atheist. You used a wielded weapon 134 times, starting on turn 123. You did not apply a unicorn horn. You read items or engraved 13 times, starting on turn 1. You never genocided any monsters. You never polymorphed an object. You never changed form. You used 4 wishes, starting on turn 1. You did not wish for any artifacts. You never split a pudding. You never wrote Elbereth's name. You violated your moral code, losing 1 point of alignment, starting on turn 2736. Dungeon overview: The Dungeons of Doom: levels 1 to 5 Level 1 a fountain a long staircase Level 2 a fountain Level 3 an armor shop, a sink Level 4 some fountains stairs to The Gnomish Mines Level 5 The Gnomish Mines: levels 5 to 7 Level 5 stairs to The Dungeons of Doom Level 6 Level 7 <- You were here History has recorded: On T:1 you entered the Dungeons of Doom to retrieve the Amulet of Yendor! On T:1 you wished for "blessed +3 silver dragon scale mail". On T:10 you wished for "blessed fixed +3 helm of brilliance". On T:14 you wished for "blessed fireproof boots of speed". On T:18 you wished for "2 blessed scroll of charging". On T:529 you reached level 2 of The Dungeons of Doom. On T:718 you advanced to experience level 2. On T:953 you reached level 3 of The Dungeons of Doom. On T:981 you advanced to experience level 3. On T:1099 you advanced to experience level 4. On T:1841 you reached level 4 of The Dungeons of Doom. On T:2039 you advanced to experience level 5. On T:2158 you reached level 5 of The Dungeons of Doom. On T:2206 you reached level 1 of The Gnomish Mines. On T:2284 you advanced to experience level 6. On T:2615 you reached level 2 of The Gnomish Mines. On T:2638 you were saved from death by your wizard powers! On T:2708 you were saved from death by your wizard powers! On T:2995 you reached level 3 of The Gnomish Mines. On T:3020 you were saved from death by your wizard powers! On T:3025 you were saved from death by your wizard powers! Score breakdown: Gold: 431 ( 43 points) Experience: 6 levels ( 500 points) Exploration: 7 levels ( 180 points) Discoveries: 15 items ( 750 points) Variety of kills: 30 monsters ( 1500 points) Major goal: (nothing yet) ( 0 points) Survival: died (score multiplied by 3) Total score: 8919 Latest messages: You survived that attempt on your life. The dwarf thrusts her dagger at you. The dwarf stabs you! You hit the dwarf. The hobbit misses. The gnome punches you! You hit the dwarf! The hobbit punches you! The gnome king thrusts his dagger at you. The gnome king stabs you! The gnome lord punches you! The dwarf thrusts her dagger at you. The dwarf stabs you! You try to draw healing from your surroundings, but your edges cannot even feel the floor. You hit the dwarf. The hobbit misses. The gnome king thrusts his dagger at you. The gnome king stabs you! The gnome lord punches you! The gnome misses. You hit the dwarf. The hobbit punches you! The gnome king thrusts his dagger at you. The gnome king stabs you! You die... Final status: Goodbye Myra the Wizard, killed by a gnome king... You died in The Gnomish Mines on dungeon level 7 with 8919 points, and 431 pieces of gold, after 3029 moves. You were level 6 with a maximum of 55 hit points when you died.